 Dungeon Crawl Stone Soup version 0.31-a0-986-g5e6e4ef867 (webtiles) character file.

Game seed: 8230287405149131962

133 wildpjah the Covered (level 4, -3/41 HPs)
             Began as a Minotaur Fighter on Nov 23, 2023.
             Slain by an orc
             ... wielding a +0 trident
              (8 damage)
             ... on level 4 of the Dungeon.
             The game lasted 00:04:22 (1956 turns).

wildpjah the Covered (Minotaur Fighter)             Turns: 1956, Time: 00:04:23

Health: -3/41      AC:  8    Str: 23    XL:     4   Next: 93%
Magic:  3/3        EV:  9    Int:  5    God:
Gold:   177        SH:  4    Dex:  9    Spells: 3/3 levels left

rFire   . . .        a - +0 war axe
rCold   . . .        c - +0 buckler
rNeg    . . .        b - +0 scale mail
rPois   .            (helmet restricted)
rElec   .            (no cloak)
rCorr   .            (no gloves)
SInv    .            g - +0 pair of boots
Will    .....        (no amulet) Stlth
                     (no ring)
HPRegen 0.26/turn    (no ring)
MPRegen 0.08/turn

%: no passive effects
@: no status effects
A: horns 2, retaliatory headbutt
a: no special abilities


You were on level 4 of the Dungeon.
You visited 1 branch of the dungeon, and saw 4 of its levels.

You collected 177 gold pieces.

Inventory:

Hand Weapons
 a - a +0 war axe (weapon)
 l - a +2 heavy hammer
 m - a +2 hammer of holy wrath
Armour
 b - a +0 scale mail (worn)
 c - a +0 buckler (worn)
 g - a +0 pair of boots (worn)
Wands
 r - a wand of flame (12)
Scrolls
 e - 3 scrolls of noise {unknown}
 n - a scroll of enchant armour {unknown}
 p - a scroll of torment {unknown}
Potions
 d - a potion of might
 f - 2 potions of mutation {unknown}
 h - a potion of curing {unknown}
 i - a potion of degeneration {unknown}
 j - a potion of resistance {unknown}
 k - a potion of invisibility {unknown}
 o - a potion of enlightenment {unknown}
 q - a potion of brilliance {unknown}


   Skills:
 + Level 4.3 Fighting
 + Level 4.3 Axes
 + Level 4.4 Armour
 + Level 1.0 Dodging
 + Level 4.3 Shields


You had 3 spell levels left.
You didn't know any spells.
Your spell library contained the following spells:

 Spells                   Type           Power      Damage    Failure   Level
 Summon Small Mammal      Summ           0%         N/A       83%         1
 Call Canine Familiar     Summ           0%         N/A       99%         3
 Summon Guardian Golem    Hex/Summ       0%         N/A       99%         3


Dungeon Overview and Level Annotations

Branches:
Dungeon (4/15)
 Temple: D:4-7

Altars:


Innate Abilities, Weirdness & Mutations

You have a pair of horns on your head.
You reflexively headbutt those who attack you in melee.


Message History

The orc is moderately wounded.
You hit the iguana. You slash the hobgoblin!
You kill the hobgoblin!
The iguana bites you!
The orc barely misses you. x2; You furiously retaliate!
You headbutt the orc!
You kill the orc!
You barely miss the iguana.
The iguana is moderately wounded.
You block the iguana's attack. The orc hits you but does no damage.
The iguana bites you!
The orc hits you from afar with a +0 trident.
* * * LOW HITPOINT WARNING * * *
Unknown command.
You are too injured to fight recklessly!
Unknown command.
You closely miss the iguana.
The iguana is moderately wounded.
The orc hits you but does no damage. The iguana closely misses you.
You hit the iguana but do no damage. You headbutt the iguana!
The iguana is severely wounded.
The orc closely misses you.
The iguana bites you but does no damage.
You barely miss the iguana.
The iguana is severely wounded.
The iguana bites you.
* * * LOW HITPOINT WARNING * * *
The orc hits you but does no damage. The orc misses you.
The iguana barely misses you.
You barely miss the iguana.
The iguana is severely wounded.
The iguana bites you.
* * * LOW HITPOINT WARNING * * *
The orc barely misses you.
The orc priest miscasts a cantrip.
You hit the iguana but do no damage.
You headbutt the iguana, but do no damage.
The iguana is severely wounded.
You block the iguana's attack.
The orc hits you from afar with a +0 trident!
You die...

#.#.#.###
#####.#.....# ##
#.....#...#
...#####.###.....#
.........###...#.#.#
....................
####..........#.#
#.########.# #@# ...
......†)lo# ...
........#oo.. ...
.#.######..### # ...
.... ..## #..


You could see an iguana, an orc priest and 2 orcs.

Vanquished Creatures
  Crazy Yiuf (D:2)
  Robin (D:2)
  2 worms
  6 orcs
  5 ball pythons
  8 endoplasms
  13 goblins
  9 hobgoblins
  6 jackals (D:1)
  4 kobolds
  3 quokkas
  4 bats
  6 frilled lizards
  3 rats
71 creatures vanquished.

Notes
Turn   | Place    | Note
-------+----------+-------------------------------------------
     0 | D:1      | wildpjah the Minotaur Fighter began the quest for the Orb.
     0 | D:1      | Reached XP level 1. HP: 19/19 MP: 0/0
   154 | D:1      | Reached XP level 2. HP: 27/27 MP: 1/1
   335 | D:1      | Reached XP level 3. HP: 27/33 MP: 2/2
   722 | D:2      | Noticed Robin
   732 | D:2      | Killed Robin
   796 | D:2      | Reached XP level 4. HP: 37/40 MP: 3/3
   822 | D:2      | Found a runed translucent door.
   823 | D:2      | Noticed Crazy Yiuf
   829 | D:2      | Killed Crazy Yiuf
  1947 | D:4      | Reached skill level 1 in Dodging
  1956 | D:4      | Slain by an orc

Illustrated notes

Levels and vault maps discovered:
D:1:      minmay_arrival_five_plusses, layout_basic
D:2:      layout_basic, uniq_crazy_yiuf_cottage, uniq_robin
D:3:      layout_rooms
D:4:      layout_basic, amethyst_overflow_temple_binary

Skill      XL: |  1  2  3  4 |
---------------+-------------+-----
Shields        | 4 |  4.3
Axes           | 3 4 |  4.3
Fighting       | 4 |  4.3
Armour         | 4 |  4.4
Dodging        | 1 |  1.0

Action                     |  1- 3 |  4- 6 || total
---------------------------+-------+-------++-------
  Melee: War axe           |    79 |    58 ||   137
         Headbutt          |    11 |     8 ||    19
 Armour: Scale mail        |    57 |    48 ||   105
  Dodge: Dodged            |    36 |    22 ||    58
  Block: Buckler           |    24 |    14 ||    38

Table legend: (Time is in decaauts)
 A = Elapsed time spent in this place.
 B = Non-inter-level travel time spent in this place.
 C = Inter-level travel time spent in this place.
 D = Time resting spent in this place.
 E = Time spent auto-exploring this place.
 F = Levels seen in this place.
 G = Mean time per level.
                   A        B        C        D        E       F      G
               +--------+--------+--------+--------+--------+-----+--------+
         Total |   2004 |   1973 |     31 |      0 |   1573 |   4 |  501.0 |
       Dungeon |   2004 |   1973 |     31 |      0 |   1573 |   4 |  501.0 |
               +--------+--------+--------+--------+--------+-----+--------+

Top non-repeatable levels by time:
     D:2: 893 daAuts
     D:1: 714 daAuts
     D:3: 368 daAuts
     D:4: 28 daAuts
